 Dungeon Crawl Stone Soup version 0.25.1-9-gc5326a611f (webtiles) character file.

Game seed: 14412804844747852864

1360 Gadfly the Cudgeler (level 8, -11/118 HPs)
             Began as a Troll Berserker on Dec 26, 2020.
             Was an Elder of Trog.
             Mangled by an orc warrior
             ... wielding a +0 glaive
              (14 damage)
             ... on level 6 of the Dungeon.
             The game lasted 00:05:54 (3908 turns).

Gadfly the Cudgeler (Troll Berserker)               Turns: 3908, Time: 00:05:55

Health: -11/118    AC: 24    Str: 27    XL:     8   Next: 37%
Magic:  9/9        EV:  1    Int:  3    God:    Trog [****..]
Gold:   343        SH:  0    Dex: 10    Spells: 7/7 levels left

rFire    . . .     SeeInvis .   a - +4 mace
rCold    . . .     Gourm    +   (no shield)
rNeg     + + +     Faith    .   (armour currently unavailable)
rPois    +         Spirit   .   (helmet currently unavailable)
rElec    .         Reflect  .   (cloak currently unavailable)
rCorr    .         Harm     .   (gloves unavailable)
MR       +++..     NoTele   +   (boots unavailable)
Stlth    +.........             q - amulet of regeneration
HPRegen  2.09/turn              j - ring of protection from magic
MPRegen  0.11/turn              (no ring)

@: tree-form, berserk cooldown, regenerating, slowed, very slow
A: large, unfitting armour, fast metabolism 3, gourmand, regeneration 1
a: Berserk, Trog's Hand, Brothers in Arms, Renounce Religion


You were on level 6 of the Dungeon.
You worshipped Trog.
Trog was greatly pleased with you.
You were very full.
You were a tree.
You visited 1 branch of the dungeon, and saw 6 of its levels.

You collected 343 gold pieces.

Inventory:

Hand Weapons
 a - a +4 mace (weapon)
 b - a +2 quarterstaff of chaos
 k - a +0 giant club
 m - a +1 dagger of venom
 t - a +0 flail
Armour
 g - a +0 animal skin (melded)
 h - a +0 cloak (melded)
Jewellery
 j - a ring of protection from magic (left branch)
 q - an amulet of regeneration (around neck)
Wands
 p - a wand of flame (9)
Scrolls
 f - a scroll of fog
 l - 3 scrolls of remove curse
 o - 3 scrolls of teleportation
 r - 3 scrolls of blinking
 u - 2 scrolls of identify
Potions
 d - 2 potions of flight
 n - 2 potions of ambrosia
Comestibles
 c - 9 rations
 s - 2 chunks of flesh


   Skills:
 + Level 4.4 Fighting
 * Level 6.4 Maces & Flails
 + Level 3.4 Armour
 - Level 2.4 Dodging
 * Level 3.6 Evocations


You had 7 spell levels left.
You didn't know any spells.
Your spell library was empty.

Dungeon Overview and Level Annotations

Branches:
Dungeon (6/15)
 Temple: D:4-7

Altars:
Fedhas
Nemelex Xobeh
Uskayaw
Vehumet


Innate Abilities, Weirdness & Mutations

You are too large for most types of armour.
((You have claws for hands.))
Your metabolism is lightning-fast.
You like to eat raw meat.
Your natural rate of healing is unusually fast.
((You are covered in fur. (AC +1)))
((You have extremely tough skin. (AC +3)))


Message History

You turn into a tree.
Your +0 cloak melds into your body.
Your +0 animal skin melds into your body.
Your roots penetrate the ground.
The orc warrior hits you but does no damage.
Your skin crawls.
You feel resistant to hostile enchantments.
You feel somewhat less full.
The orc warrior hits you with a +0 glaive.
* * * LOW HITPOINT WARNING * * *
You hit the orc warrior but do no damage.
The orc warrior hits you with a +0 glaive.
* * * LOW HITPOINT WARNING * * *
You barely miss the orc warrior.
The orc warrior hits you but does no damage.
You sock the orc warrior!
The orc warrior is moderately wounded.
The orc warrior hits you with a +0 glaive!!
* * * LOW HITPOINT WARNING * * *
The orc warrior hits you with a +0 glaive!
You die...

##...##...##...##
##.##.....##.## #
#.#.......# # ##
#.#...[...#.# .###
#.#.......#.# ...##
##.##.....##.## ..
##..####..÷##..Z##...##
..
##(..#.....##)##.....#
..
###.#......)Zo♣.....#
.. ###.....#####.....#
.. ##...## ##...## ..
##### #### #. # #


You could see an orc warrior and a howler monkey skeleton.

Vanquished Creatures
  2 ice beasts (D:6)
  3 ogres
  A centaur (D:6)
  2 bullfrogs (D:6)
  A howler monkey (D:4)
  2 crimson imps (D:5)
  3 orc wizards
  Crazy Yiuf (D:2)
  An orc priest (D:4)
  A hound (D:6)
  2 iguanas
  4 worker ants
  A hound zombie (D:5)
  A howler monkey zombie (D:6)
  A worker ant zombie (D:5)
  4 gnolls (D:6)
  11 adders
  An ooze (D:3)
  A worm (D:4)
  4 dart slugs
  8 leopard geckos
  12 orcs
  4 bats
  3 giant cockroaches
  4 goblins
  14 hobgoblins
  3 jackals (D:3)
  A quokka (D:3)
  8 frilled lizards
  8 kobolds
  3 rats
  A fungus (D:2)
116 creatures vanquished.

Notes
Turn   | Place    | Note
-------+----------+-------------------------------------------
     0 | D:1      | Gadfly the Troll Berserker began the quest for the Orb.
     0 | D:1      | Reached XP level 1. HP: 22/22 MP: 0/0
    88 | D:1      | Reached skill level 3 in Maces & Flails
    88 | D:1      | Reached XP level 2. HP: 25/29 MP: 1/1
   294 | D:1      | Reached XP level 3. HP: 32/36 MP: 2/2
   449 | D:2      | Reached skill level 1 in Armour
   493 | D:2      | Found a runed translucent door.
   494 | D:2      | Noticed Crazy Yiuf
   566 | D:2      | Reached ** piety under Trog
   876 | D:2      | Found a blossoming altar of Fedhas.
   912 | D:2      | Reached XP level 4. HP: 44/44 MP: 3/3
  1251 | D:2      | Killed Crazy Yiuf
  1446 | D:3      | Reached skill level 4 in Maces & Flails
  1558 | D:3      | You fall into a shaft and drop 1 floor!
  1578 | D:4      | Reached XP level 5. HP: 46/53 MP: 4/4
  1603 | D:4      | Found a radiant altar of Vehumet.
  1744 | D:3      | Found a hide-covered altar of Uskayaw.
  1793 | D:3      | Reached *** piety under Trog
  2069 | D:3      | Found a sparkling altar of Nemelex Xobeh.
  2235 | D:4      | Reached XP level 6. HP: 60/61 MP: 5/5
  2416 | D:4      | Reached skill level 1 in Evocations
  2508 | D:5      | Entered Level 5 of the Dungeon
  2759 | D:5      | Reached skill level 5 in Maces & Flails
  2775 | D:5      | Reached XP level 7. HP: 36/68 MP: 7/7
  3435 | D:6      | Reached **** piety under Trog
  3719 | D:6      | Reached skill level 6 in Maces & Flails
  3719 | D:6      | Reached XP level 8. HP: 44/78 MP: 9/9
  3898 | D:6      | HP: 1/79 [orc warrior/+0 glaive (19)]
  3908 | D:6      | HP: 3/118 [orc warrior/+0 glaive (18)]
  3908 | D:6      | Mangled by an orc warrior

Illustrated notes

Levels and vault maps discovered:
D:1:      wander_arrival_chamber, layout_basic
D:2:      layout_loops_ring, fedhas_altar_2, minmay_misc_feat_square,
          kennysheep_generic_room_15, uniq_crazy_yiuf_cottage
D:3:      layout_rooms, lemuel_coloured_pillars_altar, nemelex_altar_shiori,
          grunt_decor_fettered, corexii_hall_statues_l
D:4:      layout_basic, vehumet_altar_wand_db, first_ration,
          minmay_misc_feat_encased, corexii_leaking_fountain
D:5:      layout_loops_ring, minmay_misc_feat_rows
D:6:      minmay_octagon_keep, layout_cave_pods

Skill      XL: |  1  2  3  4  5  6  7 |
---------------+----------------------+-----
Maces & Flails | 3 4 5 6 |  6.4
Armour         | 1 2 3 |  3.4
Fighting       | 3 4 |  4.4
Evocations     | 1 3 |  3.6
Dodging        | |  2.4

Action                   |  1- 3 |  4- 6 |  7- 9 || total
-------------------------+-------+-------+-------++-------
Melee: Mace              |   107 |   150 |   111 ||   368
       Quarterstaff      |       |    21 |       ||    21
Invok: Berserk           |       |     1 |     3 ||     4
       Trog's Hand       |       |       |     2 ||     2
  Use: Scroll            |     6 |     7 |     1 ||    14
       Potion            |       |       |     4 ||     4
 Stab: Sleeping          |     1 |       |       ||     1
  Eat: Chunk             |    14 |    19 |    12 ||    45
Armor: Animal skin       |    41 |    67 |    46 ||   154
       Skin              |       |       |     2 ||     2
Dodge: Dodged            |    65 |    87 |    69 ||   221
